[Event "XXVII RUS-chT Premier 2020"]
[Site "Sochi"]
[Date "2020.11.19"]
[Round "1.3"]
[White "Paravyan, David"]
[Black "Fedoseev, Vladimir"]
[Result "0-1"]
[ECO "E06"]
[WhiteElo "2654"]
[BlackElo "2676"]
[Annotator "ChessBase"]
[PlyCount "74"]
[EventDate "2020.11.19"]
[EventType "team-tourn"]
[EventCountry "RUS"]
[SourceTitle "playchess.com"]
[Source "ChessBase"]
[SourceQuality "1"]
[TimeControl "40/5400+30:1800+30"]

1. d4 d5 2. c4 e6 3. Nf3 Nf6 4. g3 Be7 5. Bg2 O-O 6. O-O dxc4 7. Qc2 a6 8. a4 Bd7 9. Qxc4 Bc6 10. Bg5 Bd5 11. Qc2 Be4 12. Qc1 h6 13. Bxf6 Bxf6 14. Nc3 Bh7 15. Rd1 a5 16. e4 c6 17. h4 Na6 18. Qe3 Be7 19. Bf1 Nb4 20. Rd2 Qc7 21. Bc4 Kh8 22. b3 Rae8 23. Re1 Bd8 24. Kg2 f6 25. Rde2 Qd7 26. Qd2 Bb6 27. d5 Rd8 28. h5 exd5 29. exd5 cxd5 30. Re7 Qc8 31. Bb5 Bc5 32. R7e2 d4 33. Na2 d3 34. Re6 Nxa2 35. Qxa2 Bb4 36. Bc4 Bxe1 37. Rxe1 Rfe8 0-1

[Event "XXVII RUS-chT Premier 2020"]
[Site "Sochi"]
[Date "2020.11.19"]
[Round "1.4"]
[White "Sakaev, Konstantin"]
[Black "Chigaev, Maksim"]
[Result "1/2-1/2"]
[ECO "E94"]
[WhiteElo "2612"]
[BlackElo "2615"]
[Annotator "ChessBase"]
[PlyCount "81"]
[EventDate "2020.11.19"]
[EventType "team-tourn"]
[EventCountry "RUS"]
[SourceTitle "playchess.com"]
[Source "ChessBase"]
[SourceQuality "1"]
[TimeControl "40/5400+30:1800+30"]

1. Nf3 Nf6 2. c4 g6 3. Nc3 Bg7 4. e4 d6 5. d4 O-O 6. Be2 e5 7. O-O exd4 8. Nxd4 Re8 9. f3 c6 10. Kh1 d5 11. cxd5 cxd5 12. Bg5 Nc6 13. Bb5 h6 14. Bxf6 Qxf6 15. exd5 Qxd4 16. dxc6 Rf8 17. Qxd4 Bxd4 18. Rad1 Bxc3 19. bxc3 bxc6 20. Bxc6 Rb8 21. Bd5 Ba6 22. Rfe1 Rfc8 23. h3 Bc4 24. Bxc4 Rxc4 25. Re3 Rb2 26. Rd4 Rxd4 27. cxd4 Rxa2 28. d5 Rd2 29. Ra3 Rxd5 30. Rxa7 h5 31. Kg1 Kg7 32. Ra4 Rb5 33. h4 Rc5 34. Kf2 Rc2+ 35. Kg3 Rb2 36. Rc4 Ra2 37. Rb4 Rd2 38. Ra4 Rc2 39. Rb4 Ra2 40. Rc4 Rb2 41. Ra4 1/2-1/2

[Event "XXVII RUS-chT Premier 2020"]
[Site "Sochi"]
[Date "2020.11.19"]
[Round "1.5"]
[White "Antipov, Mikhail Al."]
[Black "Ponkratov, Pavel"]
[Result "1-0"]
[ECO "C55"]
[WhiteElo "2607"]
[BlackElo "2625"]
[Annotator "ChessBase"]
[PlyCount "111"]
[EventDate "2020.11.19"]
[EventType "team-tourn"]
[EventCountry "RUS"]
[SourceTitle "playchess.com"]
[Source "ChessBase"]
[SourceQuality "1"]
[TimeControl "40/5400+30:1800+30"]

1. e4 e5 2. Nf3 Nc6 3. Bc4 Nf6 4. d3 h6 5. h3 d6 6. a4 g6 7. Nc3 Bg7 8. Be3 Nb4 9. Qd2 c5 10. g4 b6 11. g5 hxg5 12. Nxg5 O-O 13. h4 Nh5 14. Rg1 Bb7 15. Nxf7 Rxf7 16. Rxg6 d5 17. exd5 Nxd5 18. O-O-O Kh7 19. Rdg1 Qd7 20. Qd1 Ndf6 21. R6g5 Bh6 22. Rxh5 Nxh5 23. Qxh5 Rf6 24. Nd5 Bxd5 25. Bxd5 Qxd5 26. Bxh6 Qf3 27. Rg7+ Kh8 28. Rg4 Qxg4 29. Qxg4 Rxh6 30. Qg5 Re6 31. Qh5+ Kg7 32. Qg4+ Rg6 33. Qd7+ Kh6 34. Qe7 a5 35. Kd2 Rag8 36. Qxe5 Rf8 37. f4 Rg2+ 38. Kc3 Rg6 39. Kd2 Rg2+ 40. Ke3 Rfg8 41. f5 R8g3+ 42. Kf4 Rg8 43. Kf3 Rg1 44. f6 Rf1+ 45. Ke2 Rgg1 46. Qb8 Re1+ 47. Kd2 Kg6 48. Qf8 Ref1 49. Qg7+ Kh5 50. Qh7+ Kg4 51. h5 Rf2+ 52. Kc3 Rc1 53. Kb3 Rxf6 54. h6 Kh5 55. Qe4 Rxh6 56. Qf5+ 1-0

[Event "XXVII RUS-chT Premier 2020"]
[Site "Sochi"]
[Date "2020.11.19"]
[Round "1.6"]
[White "Goganov, Aleksey"]
[Black "Yuffa, Daniil"]
[Result "1/2-1/2"]
[ECO "E10"]
[WhiteElo "2602"]
[BlackElo "2565"]
[Annotator "ChessBase"]
[PlyCount "111"]
[EventDate "2020.11.19"]
[EventType "team-tourn"]
[EventCountry "RUS"]
[SourceTitle "playchess.com"]
[Source "ChessBase"]
[SourceQuality "1"]
[TimeControl "40/5400+30:1800+30"]

1. d4 Nf6 2. c4 e6 3. Nf3 d5 4. g3 Bb4+ 5. Bd2 a5 6. Bg2 O-O 7. Qc2 c5 8. cxd5 cxd4 9. Nxd4 Qb6 10. e3 exd5 11. O-O Nc6 12. Bc3 Bxc3 13. Qxc3 h5 14. Qb3 Ra6 15. Nxc6 bxc6 16. Qxb6 Rxb6 17. b3 c5 18. Nc3 Be6 19. Rfd1 Rd8 20. Rac1 Rbb8 21. Ne2 Rbc8 22. Rd2 Rc7 23. h4 g6 24. e4 Rdd7 25. e5 Ng4 26. Nf4 d4 27. Re1 a4 28. Nxe6 fxe6 29. Bh3 axb3 30. axb3 Rd5 31. Bxg4 hxg4 32. Re4 Kh7 33. Kg2 Rb7 34. Rd3 Kh6 35. Rxg4 Rxe5 36. Kf1 Kg7 37. f4 Rf5 38. Kg2 Ra7 39. Rg5 Kf6 40. b4 e5 41. bxc5 Rxg5 42. hxg5+ Kf5 43. fxe5 Ke4 44. Rd1 Ra2+ 45. Kf1 Kxe5 46. Re1+ Kd5 47. Re8 Ra6 48. Ke2 Kxc5 49. Rg8 Kc4 50. Rg7 Kd5 51. Kd3 Ra3+ 52. Kd2 Ke4 53. Rxg6 Ra2+ 54. Ke1 Kd3 55. Rd6 Rg2 56. g6 1/2-1/2

[Event "XXVII RUS-chT Premier 2020"]
[Site "Sochi"]
[Date "2020.11.19"]
[Round "1.7"]
[White "Iljiushenok, Ilia"]
[Black "Demchenko, Anton"]
[Result "1/2-1/2"]
[ECO "D30"]
[WhiteElo "2539"]
[BlackElo "2626"]
[Annotator "ChessBase"]
[PlyCount "83"]
[EventDate "2020.11.19"]
[EventType "team-tourn"]
[EventCountry "RUS"]
[SourceTitle "playchess.com"]
[Source "ChessBase"]
[SourceQuality "1"]
[TimeControl "40/5400+30:1800+30"]

1. d4 d5 2. c4 e6 3. Nf3 Nf6 4. e3 Be7 5. Nc3 O-O 6. a3 Nbd7 7. cxd5 exd5 8. Bd3 c6 9. O-O Bd6 10. b4 a6 11. Qc2 Re8 12. Bb2 Qe7 13. Na4 Ne4 14. Rfe1 Bc7 15. Rac1 h6 16. Ba1 Nf8 17. Nc3 Bd6 18. Ne5 Nxc3 19. Bxc3 Be6 20. f4 f6 21. Nf3 a5 22. bxa5 Bxa3 23. Rb1 Bd6 24. Rb6 Ra7 25. Qb1 Rb8 26. e4 dxe4 27. Bxe4 Qd8 28. f5 Bf7 29. a6 Rxa6 30. Rxb7 Rxb7 31. Qxb7 Rb6 32. Qa7 Bb8 33. Qa5 Bc7 34. Qa7 Bb8 35. Qa5 Bc7 36. Qa7 Qc8 37. Ba5 Rb7 38. Qa6 Bxa5 39. Qxa5 Rb5 40. Qa7 Bd5 41. Bxd5+ Rxd5 42. Re7 1/2-1/2

[Event "XXVII RUS-chT Premier 2020"]
[Site "Sochi"]
[Date "2020.11.19"]
[Round "1.8"]
[White "Alekseev, Evgeny"]
[Black "Bykov, Oleg"]
[Result "1-0"]
[ECO "B51"]
[WhiteElo "2615"]
[BlackElo "2362"]
[Annotator "ChessBase"]
[PlyCount "77"]
[EventDate "2020.11.19"]
[EventType "team-tourn"]
[EventCountry "RUS"]
[SourceTitle "playchess.com"]
[Source "ChessBase"]
[SourceQuality "1"]
[TimeControl "40/5400+30:1800+30"]

1. e4 c5 2. Nf3 d6 3. Bb5+ Nd7 4. d4 cxd4 5. Qxd4 a6 6. Be2 Ngf6 7. O-O e6 8. c4 Be7 9. Nc3 O-O 10. Rd1 Qc7 11. b3 b6 12. Ba3 Nc5 13. e5 dxe5 14. Qxe5 Ra7 15. Bc1 Bd7 16. Qxc7 Rxc7 17. Ne5 Rfc8 18. Bf4 Be8 19. Bf3 h6 20. h3 g5 21. Bg3 Ra7 22. Rab1 Kg7 23. Rd2 Ng8 24. b4 Na4 25. Nxa4 Bxa4 26. b5 axb5 27. Nc6 Rb7 28. cxb5 Bc5 29. Be5+ f6 30. Ba1 Rbc7 31. Nd8 Rxd8 32. Rxd8 Ne7 33. Bd4 Nc8 34. Bc6 Bxd4 35. Rxd4 Bc2 36. Rc1 Bg6 37. Rd7+ Rxd7 38. Bxd7 Nd6 39. a4 1-0

[Event "XXVII RUS-chT Premier 2020"]
[Site "Sochi"]
[Date "2020.11.19"]
[Round "1.9"]
[White "Nozdrachev, Leonid"]
[Black "Kokarev, Dmitry"]
[Result "0-1"]
[ECO "E67"]
[WhiteElo "2391"]
[BlackElo "2621"]
[Annotator "ChessBase"]
[PlyCount "82"]
[EventDate "2020.11.19"]
[EventType "team-tourn"]
[EventCountry "RUS"]
[SourceTitle "playchess.com"]
[Source "ChessBase"]
[SourceQuality "1"]
[TimeControl "40/5400+30:1800+30"]

1. d4 Nf6 2. c4 g6 3. Nc3 Bg7 4. Nf3 O-O 5. g3 d6 6. Bg2 Nbd7 7. O-O e5 8. dxe5 dxe5 9. Qd2 Re8 10. e3 Qe7 11. b3 e4 12. Nd4 Ne5 13. Qc2 Nd3 14. Rb1 c5 15. Ba3 Qe5 16. Nde2 Bf5 17. Bb2 Nxb2 18. Qxb2 Rad8 19. b4 b6 20. Nb5 Qxb2 21. Rxb2 Nd5 22. Rbb1 Nxb4 23. Nxa7 Be6 24. a3 Bxc4 25. axb4 Bxe2 26. bxc5 Bxf1 27. Bxf1 bxc5 28. Rb7 Rd1 29. Kg2 Bf8 30. Nc6 Re6 31. Na5 Rd2 32. Nc4 Rc2 33. Rd7 Re7 34. Rd8 Kg7 35. g4 Re6 36. g5 Be7 37. Rd5 h6 38. h4 hxg5 39. hxg5 Kf8 40. Kg3 Ra6 41. f3 Ra1 0-1

[Event "XXVII RUS-chT Premier 2020"]
[Site "Sochi"]
[Date "2020.11.19"]
[Round "1.10"]
[White "Makarian, Rudik"]
[Black "Smirnov, Timofey"]
[Result "1-0"]
[ECO "D10"]
[WhiteElo "2441"]
[BlackElo "2394"]
[Annotator "NA"]
[PlyCount "143"]
[EventDate "2020.11.19"]
[EventType "team-tourn"]
[EventCountry "RUS"]
[SourceTitle "playchess.com"]
[Source "ChessBase"]
[SourceQuality "1"]
[TimeControl "40/5400+30:1800+30"]

1. d4 d5 2. c4 c6 3. Nc3 Nf6 4. e3 g6 5. Nf3 Bg7 6. Be2 O-O 7. O-O Re8 8. h3 Nbd7 9. cxd5 Nxd5 10. e4 N5b6 {[%emt 0:02:17] [#]} (10... Nxc3 $11 11. bxc3 e5) 11. Bg5 (11. a4 $1 $16 a5 12. Be3) 11... Nf8 12. Qd2 Be6 13. b3 f6 14. Be3 Bf7 15. Qb2 h6 16. Rfd1 Qc7 $16 17. Rac1 Rad8 18. d5 Qb8 19. dxc6 bxc6 20. Rxd8 Rxd8 21. Qa3 e5 22. Qa6 Nfd7 23. Na4 Rc8 24. Nxb6 axb6 25. Bb5 Nc5 26. Bxc5 cxb5 27. Be3 Rxc1+ 28. Bxc1 Qd6 29. Be3 Qd1+ 30. Kh2 Qc2 31. Qxb5 Qxa2 32. Nd2 f5 33. Nc4 Qe2 34. Qd7 Qc2 35. Nd6 Qxb3 36. exf5 gxf5 37. Nxf5 Qe6 38. Qd8+ Kh7 39. Nxg7 Kxg7 40. Bxb6 Qf6 41. Qc7 Qf4+ 42. Kg1 h5 43. Be3 Qf5 44. Qd8 Qf6 45. Qb8 Qe6 46. Bc5 Qe8 47. Qd6 Qe6 48. Qf8+ Kh7 49. Be3 Qf6 50. Kh2 Qe6 51. Qd8 Qe8 52. Qg5 Qe6 53. Bd2 Bg6 54. Bc3 e4 55. Qd8 Qg8 56. Qf6 Bf7 57. Bd4 Bg6 58. Qe5 Qf8 59. Bc3 Kh6 60. Bd4 Kh7 61. Qg5 Qd6+ 62. Be5 Qf8 63. Kg1 Qf5 64. Qe7+ Qf7 65. Qd8 Qg8 66. Qf6 Bf7 67. Kh2 Bg6 68. g4 e3 69. fxe3 Be4 70. g5 Bg6 71. Kg3 h4+ 72. Kxh4 1-0

[Event "XXVII RUS-chT Premier 2020"]
[Site "Sochi"]
[Date "2020.11.19"]
[Round "1.11"]
[White "Tsoi, Dmitry"]
[Black "Petrov, Nikita"]
[Result "1/2-1/2"]
[ECO "A03"]
[WhiteElo "2315"]
[BlackElo "2577"]
[Annotator "ChessBase"]
[PlyCount "135"]
[EventDate "2020.11.19"]
[EventType "team-tourn"]
[EventCountry "RUS"]
[SourceTitle "playchess.com"]
[Source "ChessBase"]
[SourceQuality "1"]
[TimeControl "40/5400+30:1800+30"]

1. f4 d5 2. Nf3 Nf6 3. e3 c5 4. d4 Nc6 5. c3 Bf5 6. Ne5 e6 7. Bb5 Qb6 8. Qa4 Rc8 9. O-O Bd6 10. Nd2 O-O 11. Ndf3 Ne7 12. Be2 h6 13. Qd1 Qc7 14. a3 Bh7 15. Bd3 Bxd3 16. Nxd3 Ne4 17. Nd2 f5 18. Qe2 b6 19. Kh1 Qb7 20. Ne1 Nc6 21. Nxe4 fxe4 22. Bd2 b5 23. Nc2 c4 24. Qg4 Qf7 25. Qh3 a5 26. g4 Ra8 27. f5 Ne7 28. Rf2 Bc7 29. Raf1 Ra6 30. f6 gxf6 31. Qxh6 Qg7 32. Qh5 Raa8 33. Ne1 Rf7 34. Ng2 Raf8 35. Nf4 Bxf4 36. Rxf4 Qg6 37. Qh4 Qg5 38. Qxg5+ fxg5 39. Rxf7 Rxf7 40. Rxf7 Kxf7 41. Kg2 e5 42. Be1 Nc6 43. Bg3 exd4 44. exd4 b4 45. axb4 axb4 46. Bf2 bxc3 47. bxc3 Na7 48. Be3 Kg6 49. Kf2 Nb5 50. Bd2 Nc7 51. Kg3 Ne6 52. Be3 Kf6 53. Bd2 Kg6 54. Be3 Nc7 55. Bd2 Na8 56. h4 gxh4+ 57. Kxh4 Nc7 58. g5 Nb5 59. Kg4 Na3 60. Kf4 Nc2 61. Ke5 e3 62. Bc1 e2 63. Bd2 Ne3 64. Ke6 Nf1 65. Be1 Ne3 66. Bd2 Nf1 67. Be1 Ne3 68. Bd2 1/2-1/2

[Event "XXVII RUS-chT Premier 2020"]
[Site "Sochi"]
[Date "2020.11.19"]
[Round "1.12"]
[White "Novikov, Stanislav"]
[Black "Ter-Saakian, Grigorii"]
[Result "1-0"]
[ECO "B10"]
[WhiteElo "2527"]
[BlackElo "2296"]
[Annotator "ChessBase"]
[PlyCount "82"]
[EventDate "2020.11.19"]
[EventType "team-tourn"]
[EventCountry "RUS"]
[SourceTitle "playchess.com"]
[Source "ChessBase"]
[SourceQuality "1"]
[TimeControl "40/5400+30:1800+30"]

1. c4 c6 2. e4 d5 3. exd5 cxd5 4. cxd5 Nf6 5. Nc3 Nxd5 6. Nf3 e6 7. d4 Be7 8. Bd3 Nc6 9. O-O Bf6 10. Be4 Nce7 11. Qd3 h6 12. Ne5 a6 13. Ng4 b6 14. Nxf6+ gxf6 15. Nxd5 exd5 16. Bf3 Be6 17. Bf4 Ng6 18. Bg3 f5 19. Rfe1 O-O 20. Bh5 Qg5 21. Bxg6 Qxg6 22. Rac1 b5 23. Rc6 Rfc8 24. Rc5 Kh7 25. Bf4 Rg8 26. g3 Qg4 27. Qe3 Qg7 28. Rc6 Rgc8 29. Rec1 Qf8 30. h3 Rxc6 31. Rxc6 Qe8 32. Rb6 Qd8 33. Rb7 Qf6 34. Rb6 Qg6 35. Kg2 h5 36. Qa3 h4 37. Qe7 hxg3 38. Qh4+ Kg8 39. Be5 gxf2+ 40. Kxf2 f6 41. Bxf6 Rc8 1-0

[Event "XXVII RUS-chT Premier 2020"]
[Site "Sochi"]
[Date "2020.11.19"]
[Round "1.14"]
[White "Timofeev, Artyom"]
[Black "Kobalia, Mikhail"]
[Result "1-0"]
[ECO "A06"]
[WhiteElo "2585"]
[BlackElo "2590"]
[Annotator "ChessBase"]
[PlyCount "93"]
[EventDate "2020.11.19"]
[EventType "team-tourn"]
[EventCountry "RUS"]
[SourceTitle "playchess.com"]
[Source "ChessBase"]
[SourceQuality "1"]
[TimeControl "40/5400+30:1800+30"]

1. Nf3 d5 2. b3 Bg4 3. Bb2 Nd7 4. g3 e5 5. d3 Bd6 6. Nbd2 Ngf6 7. e4 Bb4 8. c3 Bd6 9. Be2 O-O 10. O-O h6 11. Re1 Re8 12. exd5 Nxd5 13. Nc4 Bh3 14. Nxd6 cxd6 15. c4 Nb4 16. Qd2 Nc6 17. d4 Qf6 18. Rad1 Rad8 19. Bc3 Bg4 20. Kg2 e4 21. Ng1 Qg6 22. Bxg4 Qxg4 23. Qe2 Qxe2 24. Rxe2 f5 25. d5 Nce5 26. f3 Nc5 27. Bd4 Ned3 28. fxe4 fxe4 29. Nh3 a5 30. Nf2 Nxf2 31. Kxf2 Nd3+ 32. Ke3 a4 33. bxa4 Rc8 34. Rc2 Re7 35. Rb1 Rf8 36. Rb6 Rf3+ 37. Ke2 Ne5 38. Rxd6 e3 39. Bxe5 Rf2+ 40. Kd3 Rxe5 41. Re2 Rxe2 42. Kxe2 Re4 43. c5 Rc4 44. Rd8+ Kf7 45. Rc8 Rxa4 46. d6 Ke6 47. Re8+ 1-0

[Event "XXVII RUS-chT Premier 2020"]
[Site "Sochi"]
[Date "2020.11.19"]
[Round "1.15"]
[White "Demidov, Mikhail"]
[Black "Gaifullin, Artur"]
[Result "1-0"]
[ECO "D38"]
[WhiteElo "2526"]
[BlackElo "2460"]
[Annotator "ChessBase"]
[PlyCount "129"]
[EventDate "2020.11.19"]
[EventType "team-tourn"]
[EventCountry "RUS"]
[SourceTitle "playchess.com"]
[Source "ChessBase"]
[SourceQuality "1"]
[TimeControl "40/5400+30:1800+30"]

1. d4 Nf6 2. Nf3 e6 3. c4 d5 4. Nc3 Bb4 5. e3 O-O 6. Bd2 b6 7. cxd5 exd5 8. Bd3 Bb7 9. O-O a6 10. Rc1 Nbd7 11. Ne5 Nxe5 12. dxe5 Nd7 13. f4 Nc5 14. Bb1 d4 15. Ne2 Qd5 16. Rf2 dxe3 17. Bxe3 Qxd1+ 18. Rxd1 Rad8 19. Rff1 Ne4 20. Nd4 Bc5 21. Rd3 a5 22. Re1 g6 23. Nb3 Bb4 24. Red1 Rxd3 25. Rxd3 a4 26. Nc1 Bc5 27. Bxc5 Nxc5 28. Rc3 Rd8 29. Nd3 Ne6 30. Kf2 Rd4 31. g3 c5 32. Bc2 b5 33. b3 axb3 34. axb3 Ba6 35. b4 c4 36. Ne1 Rd2+ 37. Ke3 Rxh2 38. Ra3 Bb7 39. Ra7 Bd5 40. Rd7 Bc6 41. Rd6 Be8 42. Rb6 Kf8 43. Be4 Rb2 44. Nc2 Bd7 45. Rb7 Ke8 46. Ra7 h5 47. Ra8+ Ke7 48. Ra7 Rb3+ 49. Kf2 h4 50. gxh4 Nxf4 51. Nd4 Rb2+ 52. Ke3 Ng2+ 53. Bxg2 Rxg2 54. Nxb5 Rg3+ 55. Kd4 Ke6 56. Ra6+ Ke7 57. Ra7 Ke6 58. Ra6+ Ke7 59. Nc7 Kd8 60. Nd5 Be6 61. Rd6+ Kc8 62. Rc6+ Kb7 63. Rc7+ Ka6 64. Kc5 Rb3 65. Nc3 1-0

[Event "XXVII RUS-chT Premier 2020"]
[Site "Sochi"]
[Date "2020.11.19"]
[Round "1.16"]
[White "Makhmutov, Rail"]
[Black "Murzin, Volodar"]
[Result "1/2-1/2"]
[ECO "E92"]
[WhiteElo "2442"]
[BlackElo "2470"]
[Annotator "ChessBase"]
[PlyCount "85"]
[EventDate "2020.11.19"]
[EventType "team-tourn"]
[EventCountry "RUS"]
[SourceTitle "playchess.com"]
[Source "ChessBase"]
[SourceQuality "1"]
[TimeControl "40/5400+30:1800+30"]

1. d4 Nf6 2. c4 g6 3. Nc3 Bg7 4. e4 d6 5. Nf3 O-O 6. Be2 e5 7. Be3 Ng4 8. Bg5 f6 9. Bc1 Nc6 10. O-O exd4 11. Nxd4 Nxd4 12. Qxd4 f5 13. Qd5+ Kh8 14. exf5 Bxf5 15. Bxg4 Bxg4 16. Be3 Bd7 17. Bd4 Bc6 18. Bxg7+ Kxg7 19. Qd2 Qf6 20. Nd5 Bxd5 21. cxd5 Rae8 22. Rae1 Qf7 23. h4 h5 24. b4 Kh7 25. b5 Re7 26. Rxe7 Qxe7 27. Qd4 b6 28. Rc1 Rf7 29. Kf1 Qe8 30. a4 Re7 31. Qd2 Qf7 32. Rc3 Qf5 33. Qc1 Qxd5 34. Rxc7 Qe4 35. Rc4 Qe5 36. g3 d5 37. Rf4 d4 38. Qc4 Rd7 39. Rf7+ Rxf7 40. Qxf7+ Kh6 41. Qf8+ Kh7 42. Qf7+ Kh6 43. Qf8+ 1/2-1/2

[Event "XXVII RUS-chT Premier 2020"]
[Site "Sochi"]
[Date "2020.11.19"]
[Round "1.17"]
[White "Belyakov, Bogdan"]
[Black "Samusenko, Maksim"]
[Result "1/2-1/2"]
[ECO "B30"]
[WhiteElo "2450"]
[BlackElo "2466"]
[Annotator "ChessBase"]
[PlyCount "120"]
[EventDate "2020.11.19"]
[EventType "team-tourn"]
[EventCountry "RUS"]
[SourceTitle "playchess.com"]
[Source "ChessBase"]
[SourceQuality "1"]
[TimeControl "40/5400+30:1800+30"]

1. e4 c5 2. Nf3 Nc6 3. c3 Nf6 4. e5 Nd5 5. d4 cxd4 6. cxd4 d6 7. Bc4 dxe5 8. dxe5 Ndb4 9. Qb3 e6 10. O-O Na5 11. Qa4+ Bd7 12. Bb5 Bxb5 13. Qxb5+ Nac6 14. Nc3 a6 15. Qc4 Qd3 16. Qg4 h5 17. Qf4 Qg6 18. Rd1 Be7 19. a3 Nd3 20. Qe3 Nxc1 21. Raxc1 O-O 22. Rd7 Rab8 23. Qb6 Bd8 24. Qc5 Bg5 25. Rcd1 Rfd8 26. h4 Rxd7 27. Rxd7 Bf4 28. Qb6 Nxe5 29. Nxe5 Bxe5 30. Rxb7 Rc8 31. Qxa6 Bxc3 32. Rb5 Rd8 33. bxc3 Qe4 34. Rb4 Qe1+ 35. Qf1 Qxc3 36. Qb1 Qxa3 37. Rb8 Qd6 38. Rxd8+ Qxd8 39. g3 Qd5 40. Qb8+ Kh7 41. Qf4 Kg6 42. Qc1 Qf5 43. Qe3 Kh7 44. Kg2 g6 45. Kg1 Qd5 46. Qc3 e5 47. Qe3 Kg7 48. Qc3 Kf6 49. Qe3 Kf5 50. Qg5+ Ke6 51. Qc1 Kd7 52. Qe3 Qd4 53. Qf3 Ke7 54. Qb7+ Kf6 55. Qf3+ Kg7 56. Kg2 Qd8 57. Kg1 Qf6 58. Qd5 g5 59. hxg5 Qxg5 60. Qe4 Kh6 1/2-1/2

[Event "XXVII RUS-chT Premier 2020"]
[Site "Sochi"]
[Date "2020.11.19"]
[Round "1.18"]
[White "Faizrakhmanov, Ramil"]
[Black "Savitskiy, Sergey"]
[Result "1-0"]
[ECO "E71"]
[WhiteElo "2450"]
[BlackElo "2451"]
[Annotator "ChessBase"]
[PlyCount "69"]
[EventDate "2020.11.19"]
[EventType "team-tourn"]
[EventCountry "RUS"]
[SourceTitle "playchess.com"]
[Source "ChessBase"]
[SourceQuality "1"]
[TimeControl "40/5400+30:1800+30"]

1. d4 Nf6 2. c4 g6 3. Nc3 Bg7 4. e4 d6 5. h3 O-O 6. Be3 e5 7. d5 a5 8. g4 Nfd7 9. Qd2 Nc5 10. Nge2 c6 11. Ng3 cxd5 12. cxd5 a4 13. Rc1 Nba6 14. Be2 Kh8 15. h4 f5 16. gxf5 gxf5 17. exf5 Bxf5 18. h5 e4 19. h6 Be5 20. Rh5 Bg6 21. Rxe5 dxe5 22. Bxa6 Nxa6 23. Nxa4 Qh4 24. Nb6 Rae8 25. d6 Qf6 26. Nd7 Qe6 27. Nxf8 Rxf8 28. d7 Rd8 29. Bg5 Rxd7 30. Rc8+ Be8 31. Bf6+ Kg8 32. Qg5+ Kf8 33. Nxe4 Nb4 34. Bg7+ Kf7 35. Qh5+ 1-0

[Event "XXVII RUS-chT Premier 2020"]
[Site "Sochi"]
[Date "2020.11.19"]
[Round "1.22"]
[White "Sarana, Alexey"]
[Black "Saveliev, Alexei"]
[Result "1-0"]
[ECO "E12"]
[WhiteElo "2636"]
[BlackElo "2363"]
[Annotator "ChessBase"]
[PlyCount "75"]
[EventDate "2020.11.19"]
[EventType "team-tourn"]
[EventCountry "RUS"]
[SourceTitle "playchess.com"]
[Source "ChessBase"]
[SourceQuality "1"]
[TimeControl "40/5400+30:1800+30"]

1. d4 Nf6 2. c4 e6 3. Nf3 b6 4. a3 Bb7 5. Nc3 d5 6. Bg5 Be7 7. Bxf6 Bxf6 8. cxd5 exd5 9. g3 O-O 10. Bg2 Re8 11. O-O Nd7 12. e3 Nf8 13. b4 c5 14. Rc1 c4 15. h4 Qe7 16. Nh2 Rad8 17. Ng4 h6 18. b5 Nh7 19. a4 Qc7 20. Qf3 Be7 21. Qf5 Ba3 22. Nxd5 Qd7 23. Qxd7 Rxd7 24. Rc3 Bb2 25. Rc2 Bxd4 26. Rd1 Bxd5 27. Rxd4 Be6 28. Rxd7 Bxd7 29. Rxc4 Be6 30. Rd4 Bf5 31. Bc6 Re7 32. Nh2 Nf8 33. e4 Ne6 34. Rd6 Bg6 35. f4 f5 36. exf5 Bxf5 37. g4 Bc2 38. Bd5 1-0

[Event "XXVII RUS-chT Premier 2020"]
[Site "Sochi"]
[Date "2020.11.19"]
[Round "1.24"]
[White "Grachev, Boris"]
[Black "Golikov, Daniil"]
[Result "1-0"]
[ECO "D45"]
[WhiteElo "2612"]
[BlackElo "2230"]
[Annotator "ChessBase"]
[PlyCount "67"]
[EventDate "2020.11.19"]
[EventType "team-tourn"]
[EventCountry "RUS"]
[SourceTitle "playchess.com"]
[Source "ChessBase"]
[SourceQuality "1"]
[TimeControl "40/5400+30:1800+30"]

1. d4 d5 2. c4 c6 3. Nf3 Nf6 4. Nc3 e6 5. e3 Nbd7 6. Qc2 Bd6 7. Bd3 O-O 8. O-O dxc4 9. Bxc4 e5 10. Bb3 Qe7 11. h3 Bc7 12. Bd2 h6 13. Nh4 Nb6 14. Ng6 Qe8 15. Nxf8 exd4 16. Nb5 Bb8 17. Ng6 cxb5 18. exd4 Nbd5 19. Rfe1 Be6 20. Ne5 Qd8 21. Qd3 a6 22. Qg3 Nh5 23. Qf3 Nhf6 24. Rad1 Ba7 25. Nd3 Bxd4 26. Nf4 Nxf4 27. Bxf4 Bxb3 28. axb3 Qb6 29. Re7 Qc5 30. Rc7 Qb4 31. Bd2 Qf8 32. Qxb7 Rd8 33. Be3 Bxe3 34. Rxd8 1-0

[Event "XXVII RUS-chT Premier 2020"]
[Site "Sochi"]
[Date "2020.11.19"]
[Round "1.26"]
[White "Kardashevskiy, Evgeny"]
[Black "Dreev, Aleksey"]
[Result "0-1"]
[ECO "E11"]
[WhiteElo "2436"]
[BlackElo "2655"]
[Annotator "ChessBase"]
[PlyCount "179"]
[EventDate "2020.11.19"]
[EventType "team-tourn"]
[EventCountry "RUS"]
[SourceTitle "playchess.com"]
[Source "ChessBase"]
[SourceQuality "1"]
[TimeControl "40/5400+30:1800+30"]

1. d4 Nf6 2. Nf3 e6 3. c4 Bb4+ 4. Nbd2 b6 5. a3 Bxd2+ 6. Qxd2 Bb7 7. e3 a5 8. b3 O-O 9. Be2 d6 10. Bb2 Nbd7 11. O-O Qe7 12. Qc2 c5 13. Rfd1 Rfd8 14. Rac1 Rac8 15. Qb1 h6 16. Ba1 Be4 17. Qb2 Bg6 18. h3 Bh5 19. Rc2 Qf8 20. Ne1 Bxe2 21. Rxe2 a4 22. bxa4 cxd4 23. Qxd4 Rc6 24. Bc3 Ne5 25. Bb4 Rxc4 26. Qxb6 Nd5 27. Qa6 Ra8 28. Qxd6 Qxd6 29. Bxd6 Nc3 30. Bxe5 Nxd1 31. Rd2 Nc3 32. Rc2 Rac8 33. a5 f6 34. Bd6 Nb5 35. Rxc4 Rxc4 36. Bb4 Kf7 37. Kf1 e5 38. Ke2 Ke6 39. Kd3 Kd5 40. Nc2 e4+ 41. Kd2 Rc8 42. a4 Nc7 43. Nd4 Na6 44. Ba3 g6 45. g4 Rc4 46. Bf8 Rxa4 47. h4 h5 48. gxh5 gxh5 49. Ne2 Ke6 50. Ng3 Kf7 51. Bd6 Kg6 52. Ke1 Ra1+ 53. Ke2 f5 54. Be7 Rxa5 55. Kf1 Ra1+ 56. Kg2 Ra2 57. Kf1 Ra1+ 58. Kg2 Re1 59. Bd6 Rd1 60. Be7 Rd7 61. Ba3 Nc7 62. Ne2 Ne6 63. Bb4 Rd1 64. Bc3 f4 65. exf4 Rd3 66. Be5 Rf3 67. Bd6 Ng7 68. Be7 Nf5 69. Bg5 Rd3 70. Kf1 Kf7 71. Kg2 Ke6 72. Kf1 Ra3 73. Kg2 Rb3 74. Kf1 Rb2 75. Nc3 e3 76. fxe3 Nxe3+ 77. Ke1 Kf5 78. Ne2 Kg4 79. Bf6 Ra2 80. Nc3 Rc2 81. Ne2 Ng2+ 82. Kd1 Rc6 83. Be5 Nxh4 84. Nd4 Rc8 85. Ke2 Ng6 86. Ke3 Nxf4 87. Nf3 Re8 88. Ke4 Ng6 89. Nh2+ Kh3 90. Kd4 0-1

[Event "XXVII RUS-chT Premier 2020"]
[Site "Sochi"]
[Date "2020.11.19"]
[Round "1.27"]
[White "Rublevsky, Sergei"]
[Black "Musalov, Ruslan"]
[Result "1-0"]
[ECO "C62"]
[WhiteElo "2653"]
[BlackElo "2348"]
[Annotator "ChessBase"]
[PlyCount "51"]
[EventDate "2020.11.19"]
[EventType "team-tourn"]
[EventCountry "RUS"]
[SourceTitle "playchess.com"]
[Source "ChessBase"]
[SourceQuality "1"]
[TimeControl "40/5400+30:1800+30"]

1. e4 e5 2. Nf3 Nc6 3. Bb5 d6 4. d4 Bd7 5. Nc3 Nf6 6. Bxc6 Bxc6 7. Qd3 Nd7 8. Be3 exd4 9. Nxd4 Ne5 10. Qe2 Bd7 11. O-O-O Be7 12. f3 c6 13. f4 Bg4 14. Nf3 Nxf3 15. gxf3 Bd7 16. Bd4 Bf8 17. Rhg1 Rg8 18. f5 Qa5 19. Bf6 gxf6 20. Rxg8 O-O-O 21. Kb1 b5 22. Qf2 b4 23. Ne2 Kc7 24. Qh4 Qb5 25. Nd4 Qe5 26. Qxh7 1-0